 Dungeon Crawl Stone Soup version 0.28-a0-1184-g53156a8862 (webtiles) character file.

Game seed: 17831556701275227085

79 fragbeetle the Ruffian (level 4, -6/35 HPs)
             Began as a Draconian Transmuter on Dec 17, 2021.
             Blown up by Ijyb (19 damage)
             ... with a mindburst bolt
             ... on level 3 of the Dungeon.
             The game lasted 00:04:40 (2707 turns).

fragbeetle the Ruffian (Draconian Transmuter)       Turns: 2707, Time: 00:04:41

Health: -6/35      AC:  5    Str: 15    XL:     4   Next: 17%
Magic:  7/7        EV: 12    Int: 13    God:
Gold:   69         SH:  0    Dex: 11    Spells: 3/7 levels left

rFire   . . .      SeeInvis .     - Unarmed
rCold   . . .      Faith    .   (no shield)
rNeg    . . .      Spirit   .   (armour unavailable)
rPois   .          Reflect  .   (helmet currently unavailable)
rElec   .          Harm     .   (no cloak)
rCorr   .          Rampage  .   (no gloves)
Will    .....                   (boots currently unavailable)
Stlth   +.........              g - amulet of magic regeneration
HPRegen 0.11/turn               (no ring)
MPRegen 0.50/turn               (no ring)

@: appendages
A: horns 2, talons 2, AC +5, unfitting armour, cold-blooded
a: End Transformation


You were on level 3 of the Dungeon.
You had temporarily grown beastly horns and talons.
You visited 1 branch of the dungeon, and saw 3 of its levels.

You collected 69 gold pieces.

Inventory:

Hand Weapons
 h - a +0 hunting sling
Missiles
 a - 70 stones
Jewellery
 g - an amulet of magic regeneration (around neck)
Scrolls
 b - 2 scrolls of teleportation {unknown}
 c - a scroll of enchant weapon {unknown}
 d - 3 scrolls of identify {unknown}
 e - a scroll of magic mapping {unknown}
Potions
 f - a potion of attraction {unknown}


   Skills:
 - Level 1.1 Fighting
 - Level 1.7 Dodging
 + Level 4.0 Unarmed Combat
 - Level 2.0 Spellcasting
 + Level 3.2 Transmutations
 + Level 1.2 Poison Magic


You had 3 spell levels left.
You knew the following spells:

 Your Spells              Type           Power      Damage    Failure   Level
a - Beastly Appendage     Tmut           18%        N/A       7%          1
b - Spider Form           Tmut/Pois      7%         N/A       30%         3

Your spell library contained the following spells:

 Spells                   Type           Power      Damage    Failure   Level
 Wereblood                Tmut           9%         N/A       11%         2
 Ice Form                 Ice/Tmut       5%         N/A       78%         4


Dungeon Overview and Level Annotations

Branches:
Dungeon (3/15)

Altars:

Annotations:
D:3 Ijyb


Innate Abilities, Weirdness & Mutations

You have temporarily grown beastly horns and talons.
Your plain brown scales are hard. (AC +5)
You cannot fit into any form of body armour.
You are cold-blooded and may be slowed by cold attacks.


Message History

The rat bites you.
You hit the rat. You claw the rat.
You kill the rat!
You see here a rat corpse.
Your transformation is almost over.
Your horns disappear.
Your talons disappear.
Found a stone staircase leading up.
Found a stone staircase leading up.
You see here a ball python skeleton.
a - 70 stones (gained 29) Ijyb is nearby!
Ijyb shouts!
You grow a pair of large bovine horns.
Your feet morph into talons.
Ijyb zaps a wand.
Your mind is blasted!
Ouch! That really hurt!
You hit Ijyb. You claw Ijyb, but do no damage.
You tail-slap Ijyb, but do no damage.
Ijyb is lightly wounded.
Ijyb hits you with a +0 dagger.
You hit Ijyb. Your kick misses Ijyb. Your headbutt misses Ijyb.
Ijyb is moderately wounded.
Ijyb hits you with a +0 dagger.
You hit Ijyb. Your kick misses Ijyb. Your headbutt misses Ijyb.
You tail-slap Ijyb, but do no damage.
Ijyb is moderately wounded.
Ijyb completely misses you.
You hit Ijyb. Your kick misses Ijyb. You headbutt Ijyb, but do no damage.
Your tail-slap misses Ijyb.
Ijyb is heavily wounded.
You hit Ijyb but do no damage. Your kick misses Ijyb.
Ijyb is heavily wounded.
Ijyb hits you with a +0 dagger.
You hit Ijyb.
Ijyb is severely wounded.
Ijyb closely misses you.
You miss Ijyb. You headbutt Ijyb!
Ijyb is almost dead.
Ijyb zaps a wand.
Your mind is blasted!
Ouch! That really hurt!
You die...

#.# # #.# # #.#
# #.# # #.#
######.# #
#......# .#
##g##..# ..#
#..@#..# ...#
##..#..####....#
#..#..........#
#..#.########.#
...#.# #####.#
#.# #.# #.


You could see Ijyb.

Vanquished Creatures
  A gnoll (D:1)
  An adder (D:2)
  A worm (D:2)
  2 dart slugs
  4 endoplasms
  2 giant cockroaches
  5 goblins
  8 hobgoblins
  2 jackals (D:1)
  A quokka (D:1)
  2 ball pythons
  6 bats
  3 frilled lizards
  5 kobolds
  9 rats
52 creatures vanquished.

Notes
Turn   | Place    | Note
-------+----------+-------------------------------------------
     0 | D:1      | fragbeetle the Draconian Transmuter began the quest for the
                  | Orb.
     0 | D:1      | Reached XP level 1. HP: 16/16 MP: 3/3
    93 | D:1      | Reached XP level 2. HP: 6/23 MP: 3/5
   760 | D:1      | Reached XP level 3. HP: 28/28 MP: 4/6
   814 | D:1      | Learned a level 3 spell: Spider Form
  1815 | D:2      | Reached skill level 1 in Poison Magic
  1861 | D:2      | Reached XP level 4. HP: 35/35 MP: 7/7
  2122 | D:2      | Reached skill level 4 in Unarmed Combat
  2251 | D:3      | Noticed Ijyb
  2707 | D:3      | Blown up by Ijyb

Illustrated notes

Levels and vault maps discovered:
D:1:      dpeg_arrival_orchard, layout_loops_ring, serial_forest,
          infiniplex_forest_clump_large, infiniplex_forest_lined_3_way,
          infiniplex_forest_end_2, infiniplex_forest_end_2,
          infiniplex_forest_zigzag_1, infiniplex_forest_lined_3_way,
          infiniplex_forest_lined_3, infiniplex_forest_lined_corner
D:2:      layout_basic, chequers_serial_rivers_room_b, st_stairs_9,
          grunt_decor_cap
D:3:      layout_basic, serial_shops, shop, shop, kennysheep_another_room,
          uniq_jessica, uniq_ijyb

Skill      XL: |  1  2  3  4 |
---------------+-------------+-----
Transmutations | 3 |  3.2
Poison Magic   | 1 |  1.2
Unarmed Combat | 4 |  4.0
Fighting       | |  1.1
Dodging        | |  1.7
Spellcasting   | |  2.0

Action                   |  1- 3 |  4- 6 || total
-------------------------+-------+-------++-------
Melee: Unarmed           |   108 |    25 ||   133
       Kick              |    20 |     3 ||    23
       Punch             |     2 |       ||     2
       Headbutt          |    19 |     4 ||    23
       Tailslap          |     4 |     4 ||     8
 Cast: Beastly Appendage |    33 |     8 ||    41
 Stab: Sleeping          |     2 |       ||     2
Armor: Skin              |    38 |     5 ||    43
Dodge: Dodged            |    66 |     7 ||    73

Table legend: (Time is in decaauts)
 A = Elapsed time spent in this place.
 B = Non-inter-level travel time spent in this place.
 C = Inter-level travel time spent in this place.
 D = Time resting spent in this place.
 E = Time spent auto-exploring this place.
 F = Levels seen in this place.
 G = Mean time per level.
                   A        B        C        D        E       F      G
               +--------+--------+--------+--------+--------+-----+--------+
         Total |   2699 |   2653 |     46 |    231 |   1847 |   3 |  899.7 |
       Dungeon |   2699 |   2653 |     46 |    231 |   1847 |   3 |  899.7 |
               +--------+--------+--------+--------+--------+-----+--------+

Top non-repeatable levels by time:
     D:1: 1277 daAuts
     D:2: 940 daAuts
     D:3: 481 daAuts
